 Dungeon Crawl Stone Soup version 0.28.0-53-g5a82cb258f (webtiles) character file.

Game seed: 11666782181605994738

20428 Jerry the Covert (level 12, -8/65 HPs)
             Began as a Vine Stalker Fighter on July 1, 2022.
             Was an Elder of Uskayaw.
             Killed from afar by an oklob plant (13 damage)
             ... with a splash of acid
             ... on level 3 of the Lair of Beasts.
             The game lasted 00:46:43 (11466 turns).

Jerry the Covert (Vine Stalker Fighter)            Turns: 11466, Time: 00:46:45

Health: -8/65      AC:  1    Str: 25    XL:     12   Next: 79%
Magic:  0/17       EV: 13    Int:  8    God:    Uskayaw [****..]
Gold:   787        SH:  5    Dex: 15    Spells: 11/11 levels left

rFire   + . .      SeeInvis +   a - +5 short sword (venom)
rCold   . . .      Faith    .   c - +0 buckler
rNeg    + . .      Spirit   +   h - +0 steam dragon scales
rPois   .          Reflect  .   G - +2 helmet {SInv}
rElec   .          Harm     .   i - +2 cloak
rCorr   .          Rampage  .   (no gloves)
Will    +....                   (no boots)
Stlth   +++++.....              (no amulet)
HPRegen 1.00/turn               k - ring of flight
MPRegen 0.15/turn               f - ring of Zereijue {rF+ rN+ Str+2}

@: corroded, flying
A: fangs 3, regeneration 1, magic shield, antimagic bite, no potion heal 2
a: Renounce Religion, Stomp, Line Pass


You were on level 3 of the Lair of Beasts.
You worshipped Uskayaw.
Uskayaw was noncommittal.
You visited 2 branches of the dungeon, and saw 12 of its levels.
You also visited: Sewer.

You collected 787 gold pieces.

Inventory:

Hand Weapons
 a - a +5 short sword of venom (weapon)
 x - a +1 rapier of speed
Missiles
 o - 28 poisoned darts (quivered)
 B - a curare-tipped dart
Armour
 c - a +0 buckler (worn)
 h - +0 steam dragon scales (worn)
 i - a +2 cloak (worn)
 G - a +2 helmet of see invisible (worn)
Jewellery
 f - the ring of Zereijue (right hand) {rF+ rN+ Str+2}
   (You found it on level 4 of the Dungeon)

   [ring of protection from fire]

   Str:       It affects your strength (+2).
   rF:        It protects you from fire.
   rN:        It protects you from negative energy.
 k - a ring of flight (left hand)
Wands
 q - a wand of digging (5)
 r - a wand of flame (17)
 F - a wand of iceblast (11)
 K - a wand of polymorph (3)
Scrolls
 j - 4 scrolls of teleportation
 p - 5 scrolls of amnesia
 s - 5 scrolls of fear
 u - 3 scrolls of magic mapping
 v - 2 scrolls of vulnerability
 y - 5 scrolls of enchant armour
 L - a scroll of summoning
 M - a scroll of silence
Potions
 d - 4 potions of might
 e - 2 potions of brilliance
 g - a potion of cancellation
 m - 4 potions of heal wounds
 n - a potion of resistance
 t - 11 potions of curing
 w - 4 potions of mutation
 z - 2 potions of invisibility
 A - 2 potions of magic
 C - 3 potions of attraction
 D - 4 potions of flight {unknown}
 E - 4 potions of haste
 H - 2 potions of berserk rage {unknown}
 J - a potion of lignification {unknown}
Miscellaneous
 I - a piece from Xom's chessboard (15/15)
 N - a phantom mirror


   Skills:
 - Level 8.3 Fighting
 + Level 9.3(9.8) Short Blades
 - Level 4.8(7.7) Long Blades
 - Level 7.6 Armour
 + Level 4.5 Dodging
 + Level 11.8 Stealth
 - Level 5.0 Shields
 + Level 5.5 Invocations


You had 11 spell levels left.
You didn't know any spells.
Your spell library contained the following spells:

 Spells                   Type           Power      Damage    Failure   Level
 Animate Skeleton         Necr           0%         N/A       50%         1
 Apportation              Tloc           0%         N/A       50%         1
 Summon Small Mammal      Summ           0%         N/A       50%         1
 Static Discharge         Conj/Air       0%         N/A       63%         2
 Hailstorm                Conj/Ice       0%         3d3       99%         4
 Ice Form                 Ice/Tmut       0%         N/A       99%         4
 Freezing Cloud           Conj/Ice/Air   0%         6-21      100%        5
 Silence                  Hex/Air        0%         N/A       100%        5
 Simulacrum               Ice/Necr       0%         N/A       100%        6
 Malign Gateway           Summ/Tloc      0%         N/A       100%        7


Dungeon Overview and Level Annotations

Branches:
Dungeon (9/15)             Temple (0/1) D:7            Lair (3/6) D:9
  Swamp (0/4) Lair:3        Snake (0/4) Lair:2        Sewer (visited)
    Orc: D:9-12

Altars:
Fedhas
Trog
Uskayaw
Xom

Shops:
D:6 :

Annotations:
Lair:3 3 runed translucent doors, exclusion: oklob plant, kalagan's ghost, journeyman DECj


Innate Abilities, Weirdness & Mutations

You have razor-sharp teeth.
Your natural rate of healing is unusually fast.
When hurt, damage is shared between your health and your magic reserves.
Your bite disrupts and absorbs the magic of your enemies.
Potions cannot restore your health.


Message History

The endoplasm jiggles.
You stomp with the beat, sending a shockwave through the revellers around you!
The fungus is heavily damaged.
You kill the endoplasm!
You kill the jelly!
You kill the endoplasm!
Uskayaw will force your foes to share their pain.
You hit the endoplasm.
The endoplasm is almost dead.
You puncture the endoplasm!
You kill the endoplasm!
A nearby fungus withers and dies.
The oklob plant spits acid at you. The splash of acid hits you!
The acid corrodes you!
You hit the oklob plant but do no damage.
You bite the oklob plant! You drain its power.
You feel invigorated.
The oklob plant is moderately damaged.
The oklob plant spits acid at you. The splash of acid hits you!
The acid corrodes you!
You hit the oklob plant. You bite the oklob plant. You drain its power.
You feel invigorated.
The oklob plant is heavily damaged.
The oklob plant spits acid at you. The splash of acid hits you!!
The acid corrodes you!
You hit the oklob plant but do no damage.
The oklob plant is poisoned.
You bite the oklob plant, but do no damage.
The oklob plant is heavily damaged.
You hit the oklob plant but do no damage.
The oklob plant looks even sicker.
You bite the oklob plant, but do no damage.
The oklob plant is heavily damaged.
The oklob plant spits acid at you. The splash of acid hits you!!
* * * LOW HITPOINT WARNING * * *
You hit the oklob plant.
The oklob plant looks as sick as possible!
You bite the oklob plant, but do no damage.
The oklob plant is heavily damaged.
The oklob plant spits acid at you. The splash of acid hits you!
You die...

##.... #####......#
#....###.#........#
###...#.#............#
#......#..............
#..###.###.............
##'###.............
#...##.............
##...##......[......
#..@..#.............
#..P..##............
#.....#.............
##...##...†.........
#...##..#..........
#########........##
##P.....## ########


You could see an oklob plant (extremely poisoned).

Vanquished Creatures
  A hydra (Lair:1)
  A two-headed ogre (D:9)
  A deep elf pyromancer (D:9)
  An ugly thing (D:8)
  A torpor snail (Lair:3)
  2 cane toads
  A black mamba (Lair:2)
  Psyche (D:8)
  5 komodo dragons
  A polar bear (Lair:3)
  8 blink frogs
  7 dream sheep (Lair:2)
  44 yaks
  Eustachio (D:5)
  4 basilisks
  6 wyverns
  A steam dragon (D:9)
  Menkaure (D:4)
  A naga (Lair:2)
  7 water moccasins
  A sky beast (D:7)
  An ogre (D:5)
  An orc warrior (D:9)
  2 necrophages
  A black bear (D:4)
  5 wolves (Lair:1)
  3 centaurs
  A phantom (D:6)
  2 kobold brigands
  9 bullfrogs
  4 scorpions
  A water moccasin zombie (D:6)
  8 wights
  A howler monkey (D:8)
  12 jellies
  3 centaur zombies
  5 orc priests
  2 bullfrog skeletons
  3 hounds
  3 iguanas
  3 orc wizards
  A scorpion zombie (D:5)
  16 adders
  4 gnolls
  3 river rats (Sewer)
  3 shadow imps
  A white imp (D:7)
  2 ufetubi
  An adder zombie (D:5)
  An adder skeleton (D:4)
  4 dart slugs
  2 worms
  21 orcs
  3 bats
  25 endoplasms
  7 giant cockroaches
  9 goblins
  9 hobgoblins
  3 jackals (Sewer)
  14 kobolds
  2 quokkas
  10 ball pythons
  3 frilled lizards
  11 rats
321 creatures vanquished.

Vanquished Creatures (others)
  9 fungi
  12 plants
21 creatures vanquished.

Grand Total: 342 creatures vanquished

Notes
Turn   | Place    | Note
-------+----------+-------------------------------------------
     0 | D:1      | Jerry the Vine Stalker Fighter began the quest for the Orb.
     0 | D:1      | Reached XP level 1. HP: 11/11 MP: 2/2
   398 | D:1      | Reached XP level 2. HP: 16/16 MP: 3/3
   866 | D:1      | Found a faded altar of an unknown god.
  1173 | D:1      | Reached XP level 3. HP: 13/20 MP: 4/4
  1387 | D:2      | Got the Guide on Supportive Feathers
  1465 | D:2      | Gained mutation: Your natural rate of healing is unusually
                  | fast. [Vine Stalker growth]
  1465 | D:2      | Reached XP level 4. HP: 24/24 MP: 5/5
  2090 | D:3      | Reached XP level 5. HP: 23/28 MP: 6/6
  2587 | D:4      | Noticed a black bear
  2648 | D:4      | Noticed a necrophage
  2667 | D:4      | Killed a necrophage
  2668 | D:4      | Reached XP level 6. HP: 31/33 MP: 5/7
  2735 | D:4      | Found a shimmering altar of Xom.
  2764 | D:4      | Killed a black bear
  2833 | D:4      | Identified the ring of Zereijue {rF+ rN+ Str+2}
  2848 | D:4      | Reached XP level 7. HP: 37/37 MP: 8/8
  2980 | D:4      | Noticed Menkaure
  3025 | D:4      | HP: 1/37 [Menkaure (2)]
  3026 | D:4      | Killed Menkaure
  3212 | D:4      | Found a hide-covered altar of Uskayaw.
  3331 | D:4      | Became a worshipper of Uskayaw the Reveller
  3392 | D:5      | Entered Level 5 of the Dungeon
  3405 | D:5      | Reached * piety under Uskayaw
  3409 | D:5      | Reached ** piety under Uskayaw
  3422 | D:5      | Reached *** piety under Uskayaw
  3425 | D:5      | Reached **** piety under Uskayaw
  3442 | D:5      | Reached skill level 1 in Short Blades
  3459 | D:5      | Found a glowing drain.
  3476 | D:5      | Gained mutation: You have razor-sharp teeth. [Vine Stalker
                  | growth]
  3476 | D:5      | Reached XP level 8. HP: 42/42 MP: 9/9
  3477 | D:5      | Noticed Eustachio
  3502 | D:5      | Killed Eustachio
  3513 | Sewer    | Entered a sewer
  4344 | D:5      | Reached skill level 5 in Fighting
  4376 | D:5      | Reached skill level 5 in Shields
  4619 | D:5      | Reached skill level 1 in Stealth
  4925 | D:6      | Reached skill level 2 in Stealth
  4925 | D:6      | Reached XP level 9. HP: 47/47 MP: 10/10
  5124 | D:6      | Found Puir's Book Boutique.
  5146 | D:6      | Reached skill level 5 in Armour
  5201 | D:6      | Reached skill level 3 in Stealth
  5462 | D:7      | Found a staircase to the Ecumenical Temple.
  5476 | D:7      | Reached ***** piety under Uskayaw
  5505 | D:7      | Reached skill level 4 in Stealth
  5731 | D:7      | Reached skill level 5 in Short Blades
  5805 | D:7      | Reached skill level 5 in Stealth
  6294 | D:8      | Noticed Psyche
  6310 | D:8      | Killed Psyche
  6311 | D:8      | Reached XP level 10. HP: 52/53 MP: 9/11
  6728 | D:8      | Noticed a brown ugly thing
  6743 | D:8      | Killed a brown ugly thing
  6744 | D:8      | Reached skill level 6 in Stealth
  6957 | D:8      | Found a blossoming altar of Fedhas.
  7431 | D:9      | Reached skill level 7 in Stealth
  7515 | D:9      | Noticed a two-headed ogre
  7546 | D:9      | Killed a two-headed ogre
  7612 | D:9      | Found a staircase to the Lair.
  7849 | D:9      | Reached skill level 8 in Stealth
  7850 | D:9      | Reached XP level 11. HP: 35/59 MP: 12/12
  7999 | D:9      | Noticed a deep elf pyromancer
  8257 | D:9      | Killed a deep elf pyromancer
  8632 | Lair:1   | Entered Level 1 of the Lair of Beasts
  8918 | Lair:1   | Reached skill level 9 in Stealth
  9038 | Lair:1   | Noticed a five-headed hydra
  9077 | Lair:1   | Killed a five-headed hydra
  9078 | Lair:1   | Reached skill level 1 in Invocations
  9366 | Lair:2   | Found a staircase to the Snake Pit.
  9383 | Lair:2   | Reached skill level 1 in Dodging
  9641 | Lair:2   | Reached ****** piety under Uskayaw
  9652 | Lair:2   | Reached skill level 10 in Stealth
  9820 | Lair:2   | Reached XP level 12. HP: 42/65 MP: 12/15
 10722 | Lair:3   | Found a bloodstained altar of Trog.
 10801 | Lair:3   | Reached skill level 11 in Stealth
 10885 | Lair:3   | Noticed kalagan's ghost (journeyman DECj)
 11109 | Lair:3   | Found a runed translucent gate.
 11110 | Lair:3   | Found a runed translucent gate.
 11110 | Lair:3   | Found a runed translucent gate.
 11182 | Lair:3   | Found a staircase to the Swamp.
 11238 | Lair:3   | Reached skill level 5 in Invocations
 11466 | Lair:3   | Killed from afar by an oklob plant

Illustrated notes

Levels and vault maps discovered:
D:1:      minmay_arrival_arboretum_large, layout_basic,
          hellmonk_ecumenical_altar_leap_of_faith
D:2:      layout_loops_cross
D:3:      layout_basic, serial_rivers, chequers_serial_rivers_large_a,
          chequers_serial_rivers_small_3, chequers_serial_rivers_marsh,
          chequers_serial_rivers_micro_a, chequers_serial_rivers_micro_b
D:4:      layout_rooms, lemuel_doored_altar, nicolae_uskayaw_suspiria,
          minmay_bent, uniq_menkaure
D:5:      layout_basic, cheibrodos_sewer_entry_drain, minmay_statues_item,
          uniq_eustachio
D:6:      layout_loops_ring, serial_shops, shop
D:7:      layout_basic, minmay_temple_entry_arrows
D:8:      nicolae_cairo_tiling_large_dashed, layout_layer_cave,
          mainiacjoe_overflow_brackets, uniq_psyche
D:9:      layout_loops_ring, erik_lair_dragon
Lair:1:   layout_cave_shapes
Lair:2:   layout_cave_pods, guppyfry_snake_entry_garden, nicolae_lair_lil_pond,
          infiniplex_staircase_pool
Lair:3:   lemuel_slime, layout_cave_pods, swamp_mist_pool, basic_altar,
          gammafunk_ghost_split

Skill      XL: |  1  2  3  4  5  6  7  8  9 10 11 12 |
---------------+-------------------------------------+-----
Long Blades    | 2 3 4 |  4.8
Fighting       | 3 4 5 6 7 8 |  8.3
Shields        | 3 4 5 |  5.0
Armour         | 3 4 5 7 |  7.6
Short Blades   | 1 4 5 6 8 9 |  9.3
Stealth        | 2 5 8 10 11 | 11.8
Invocations    | 3 5 |  5.5
Dodging        | 2 4 |  4.5

Action                   |  1- 3 |  4- 6 |  7- 9 | 10-12 || total
-------------------------+-------+-------+-------+-------++-------
Melee: Long sword        |    50 |     1 |       |       ||    51
       Bite              |    11 |    43 |   107 |   162 ||   323
       Dagger            |       |   178 |   101 |       ||   279
       Rapier            |       |       |   124 |       ||   124
       Short sword       |       |       |   138 |   449 ||   587
Throw: Dart              |    13 |     4 |    19 |    69 ||   105
       Throwing net      |     1 |     1 |       |       ||     2
Invok: Stomp             |       |       |       |    10 ||    10
       Grand Finale      |       |       |       |     1 ||     1
  Use: Scroll            |       |     7 |     2 |    15 ||    24
 Stab: Paralysed         |       |       |    10 |    24 ||    34
       Sleeping          |       |       |     1 |     8 ||     9
Armor: Scale mail        |    29 |    54 |   127 |    50 ||   260
       Steam dragon scal |       |       |       |    71 ||    71
Dodge: Dodged            |    20 |    49 |   103 |   153 ||   325
Block: Buckler           |    22 |    19 |    55 |    72 ||   168
